 Dungeon Crawl Stone Soup version 0.29-a0-96-g93358da72b (webtiles) character file.

Game seed: 15855599247226653017

5435 Gargoyl the Protected (level 10, -2/64 HPs)
             Began as a Gargoyle Abyssal Knight on Feb 12, 2022.
             Was a Priest of Lugonu.
             Slain by a komodo dragon (16 damage)
             ... on level 1 of the Lair of Beasts.
             The game lasted 00:12:22 (10582 turns).

Gargoyl the Protected (Gargoyle Abyssal Knight)    Turns: 10582, Time: 00:12:23

Health: -2/64      AC: 24    Str: 24    XL:     10   Next: 68%
Magic:  11/12      EV:  9    Int: 10    God:    Lugonu [***...]
Gold:   371        SH:  0    Dex: 10    Spells: 9/9 levels left

rFire   . . .      SeeInvis .   a - +1 hand axe
rCold   . . .      Faith    .   (no shield)
rNeg    + . .      Spirit   .   h - +2 chain mail
rPois   ∞          Reflect  .   (helmet restricted)
rElec   +          Harm     .   (no cloak)
rCorr   .          Rampage  .   (no gloves)
Will    .....                   o - +0 pair of boots
Stlth   ..........              (no amulet)
HPRegen 0.20/turn               m - ring of flight
MPRegen 0.13/turn               (no ring)

@: flying
A: sickness immunity, AC +7, negative energy resistance 1, electricity
resistance, torment resistance 1, petrification resistance, antennae 1, hooves
1, iridescent scales 1, strong 1
a: Renounce Religion, Depart the Abyss, Bend Space, Banish


You were on level 1 of the Lair of Beasts.
You worshipped Lugonu.
Lugonu was most pleased with you.
You visited 2 branches of the dungeon, and saw 10 of its levels.
You visited the Abyss 1 time.

You collected 416 gold pieces.
You spent 45 gold pieces at shops.

Inventory:

Hand Weapons
 a - a +1 hand axe (weapon)
Missiles
 j - a poisoned dart (quivered)
Armour
 h - a +2 chain mail (worn)
 o - a +0 pair of boots (worn)
Jewellery
 m - a ring of flight (left hand)
Wands
 d - a wand of flame (12)
 q - a wand of polymorph (1)
Scrolls
 e - 6 scrolls of identify
 k - a scroll of magic mapping
Potions
 b - 2 potions of cancellation
 f - a potion of brilliance
 g - a potion of haste
 i - 3 potions of lignification
 l - 2 potions of mutation


   Skills:
 + Level 8.3 Fighting
 + Level 9.1 Axes
 + Level 1.1 Throwing
 + Level 9.9 Armour
 + Level 2.5 Dodging
 + Level 1.8 Stealth
 + Level 2.8 Invocations
 + Level 1.3 Evocations


You had 9 spell levels left.
You didn't know any spells.
Your spell library contained the following spells:

 Spells                   Type           Power      Damage    Failure   Level
 Beastly Appendage        Tmut           0%         N/A       90%         1
 Wereblood                Tmut           0%         N/A       97%         2
 Gell's Gravitas          Tloc           0%         N/A       99%         3
 Portal Projectile        Hex/Tloc       0%         N/A       99%         3
 Spider Form              Tmut/Pois      0%         N/A       99%         3
 Teleport Other           Tloc           0%         N/A       99%         3
 Olgreb's Toxic Radiance  Pois           0%         N/A       100%        4
 Blade Hands              Tmut           0%         N/A       100%        5
 Excruciating Wounds      Necr           0%         N/A       100%        5
 Dispersal                Tloc           0%         N/A       100%        6
 Ozocubu's Refrigeration  Ice            0%         4d5       100%        7
 Ignition                 Fire           0%         3d3       100%        8


Dungeon Overview and Level Annotations

Branches:
Dungeon (9/15)             Temple (0/1) D:6            Lair (1/6) D:8
    Orc: D:9-12

Altars:
Kikubaaqudgha

Shops:
D:1 **!

Annotations:
D:3 Natasha


Innate Abilities, Weirdness & Mutations

You are immune to sickness and miasma.
Your stone body is resilient. (AC +7)
You are immune to poison.
You resist negative energy. (rN+)
You are resistant to electric shocks. (rElec)
You are resistant to unholy torment.
You are immune to petrification.
You have a pair of small antennae on your head.
You have large cloven feet.
You are partially covered in iridescent scales. (AC +2)
Your muscles are strong. (Str +2)


Message History

The komodo dragon is severely wounded.
The komodo dragon bites you!
You hit the komodo dragon.
The komodo dragon is severely wounded.
The komodo dragon bites you but does no damage.
You hit the komodo dragon but do no damage.
The komodo dragon is severely wounded.
The komodo dragon bites you!
* * * LOW HITPOINT WARNING * * *
You hit the komodo dragon.
The komodo dragon is severely wounded.
The komodo dragon bites you but does no damage.
You hit the komodo dragon but do no damage.
The komodo dragon is almost dead.
The komodo dragon looks more healthy.
Okay, then.
The komodo dragon barely misses you.
You see here 2 poisoned darts.
j - 2 poisoned darts The komodo dragon bites you but does no damage.
Space bends around you!
You blink.
Throw: 2 darts (poison)
Press: ? - help, Q - select action, (/) - cycle Shift-Dir - straight line, f/p - komodo dragon
Aim: a komodo dragon (severely wounded, 68% to hit)
You throw a poisoned dart.
The poisoned dart hits the komodo dragon.
The komodo dragon is poisoned.
The komodo dragon is severely wounded.
Found 17 gold pieces.
Aiming: Throw Flame
Press: ? - help, Shift-Dir - straight line, f/p - komodo dragon
Aim: a komodo dragon (severely wounded, poisoned, 77% to hit)
The puff of flame misses the komodo dragon.
You hit the komodo dragon.
The komodo dragon is severely wounded.
The komodo dragon closely misses you.
You hit the komodo dragon.
The komodo dragon is almost dead.
The komodo dragon bites you!
You die...

#..# #..##.P#..#..
###.##### #..........#
###.#...#.###.....###..#
.#..............#.# .#
................#.## .#
.........#####.##.(##P.#.#
.........# ##.##.§.......
.........####P.###$#...###
................@l...#.#
##.#...#.##.#..#......?#
#..P...#.......$.......#
##....## #.#.........#.#
##...... $#...##[....#...
.##....###.#.. ###.##....$
≈≈.≈..## #... ... #....
..≈≈..# .# .## ## .≈....#


You could see a komodo dragon (poisoned).

Vanquished Creatures
  A two-headed ogre (D:8)
  3 centaur zombies
  2 cane toads (Lair:1)
  A komodo dragon (D:7)
  A wraith (D:6)
  A yak (D:8)
  3 steam dragons
  2 water moccasins
  6 black bears
  An orc warrior (D:8)
  4 ogres
  2 necrophages
  2 centaurs
  4 phantoms
  4 bullfrogs
  Blork the orc (D:5)
  3 scorpions
  A water moccasin skeleton (D:5)
  2 howler monkeys
  4 hounds
  2 jellies
  A bullfrog skeleton (D:5)
  2 orc priests (D:5)
  Natasha (twice) (D:3)
  An iguana (D:6)
  An orc wizard (D:4)
  Terence (D:3)
  A hound skeleton (D:4)
  A howler monkey skeleton (D:5)
  4 adders
  2 shadow imps (D:7)
  2 white imps
  An ufetubus (D:5)
  A worm (D:5)
  2 dart slugs (D:1)
  15 orcs
  3 bats
  2 endoplasms
  3 giant cockroaches
  9 goblins
  8 hobgoblins
  A quokka (D:2)
  3 ball pythons (D:1)
  3 frilled lizards (D:1)
  4 kobolds
  5 rats
128 creatures vanquished.

Vanquished Creatures (others)
  48 fungi
  51 plants
99 creatures vanquished.

Grand Total: 227 creatures vanquished

Notes
Turn   | Place    | Note
-------+----------+-------------------------------------------
     0 | Abyss:1  | Gargoyl the Gargoyle Abyssal Knight began the quest for the
                  | Orb.
     0 | Abyss:1  | Reached XP level 1. HP: 14/14 MP: 2/2
     3 | Abyss:1  | Found a corrupted altar of Lugonu.
     4 | D:1      | Escaped the Abyss
    78 | D:1      | Found Suigycso's Assorted Antiques.
   329 | D:1      | Reached XP level 2. HP: 19/19 MP: 3/3
   337 | D:1      | Reached * piety under Lugonu
   749 | D:1      | Reached skill level 1 in Dodging
   749 | D:1      | Reached XP level 3. HP: 24/24 MP: 4/4
   750 | D:1      | Found Muehacw's General Store.
   758 | D:1      | Bought a +0 chain mail for 45 gold pieces
   796 | D:1      | Found Pyjyaq's Distillery.
  1814 | D:3      | Reached ** piety under Lugonu
  1891 | D:3      | Noticed Terence
  1908 | D:3      | HP: 1/24 [Terence (4)]
  1909 | D:3      | Killed Terence
  1910 | D:3      | Reached XP level 4. HP: 2/29 MP: 5/5
  2547 | D:3      | Noticed Natasha
  2559 | D:3      | Killed Natasha
  2807 | D:3      | Noticed Natasha
  2823 | D:3      | Killed Natasha
  2824 | D:3      | Reached XP level 5. HP: 5/34 MP: 6/6
  2875 | D:3      | Noticed Natasha
  2893 | D:4      | Noticed a necrophage
  2915 | D:4      | Killed a necrophage
  2916 | D:4      | Reached skill level 5 in Fighting
  2916 | D:4      | Reached XP level 6. HP: 5/40 MP: 7/7
  3870 | D:4      | Reached XP level 7. HP: 14/44 MP: 6/8
  4288 | D:4      | Found an ancient bone altar of Kikubaaqudgha.
  4383 | D:5      | Entered Level 5 of the Dungeon
  4422 | D:5      | Gained mutation: You have large cloven feet. [potion of
                  | mutation]
  4422 | D:5      | Gained mutation: You are partially covered in iridescent
                  | scales. (AC +2) [potion of mutation]
  4422 | D:5      | Gained mutation: You have a pair of small antennae on your
                  | head. [potion of mutation]
  4422 | D:5      | Gained mutation: Your muscles are strong. (Str +2) [potion
                  | of mutation]
  4487 | D:5      | Reached skill level 5 in Armour
  4617 | D:5      | Noticed Blork the orc
  4622 | D:5      | Killed Blork the orc
  4877 | D:5      | Reached skill level 5 in Axes
  4877 | D:5      | Reached XP level 8. HP: 48/51 MP: 9/9
  5764 | D:6      | Found a staircase to the Ecumenical Temple.
  5800 | D:6      | Noticed a wraith
  6355 | D:6      | Reached XP level 9. HP: 56/56 MP: 10/10
  7409 | D:7      | You fall into a shaft and drop 1 floor!
  7409 | D:8      | Noticed a two-headed ogre
  7409 | D:8      | Found a staircase to the Lair.
  7413 | D:8      | Noticed a komodo dragon
  7435 | D:8      | Reached skill level 1 in Stealth
  7502 | D:8      | Noticed a two-headed ogre
  7517 | D:9      | Noticed a death drake
  7517 | D:9      | a two-headed ogre changed into a death drake
  8289 | D:7      | Killed a komodo dragon
  8290 | D:7      | Reached skill level 1 in Evocations
  8608 | D:7      | Reached XP level 10. HP: 42/63 MP: 12/12
  8873 | D:8      | Reached skill level 1 in Throwing
  8878 | D:8      | Reached *** piety under Lugonu
  9808 | D:8      | Killed a two-headed ogre
 10235 | Lair:1   | Entered Level 1 of the Lair of Beasts
 10248 | Lair:1   | Noticed a cane toad
 10272 | Lair:1   | Killed a cane toad
 10404 | Lair:1   | Noticed a cane toad
 10424 | Lair:1   | Killed a cane toad
 10582 | Lair:1   | Slain by a komodo dragon

Illustrated notes

Levels and vault maps discovered:
D:1:      dpeg_arrival_tiny_c, layout_loops_cross, serial_shops, shop,
          nicolae_square_shop, nicolae_shop_hallway_plus
D:2:      layout_loops_ring
D:3:      layout_basic, hangedman_abyss_or_decor_lesser_grid, uniq_natasha,
          uniq_terence
D:4:      layout_cave_pools, lemuel_crystal_altar
D:5:      layout_loops_ring, uniq_blork_the_orc
D:6:      layout_loops_cross, minmay_temple_entry_statues,
          kennysheep_big_empty_room
D:7:      layout_loops_ring
D:8:      layout_loops_cross, due_lair_maze_entry_diamond
D:9:      layout_basic, uniq_joseph
Lair:1:   dreamdust_isle_of_ice, layout_loops_ring, st_stairs_4,
          serial_bayou_pond_e, serial_bayou_shore_b, lemuel_fruit_tree,
          uniq_sonja, uniq_nergalle

Skill      XL: |  1  2  3  4  5  6  7  8  9 10 |
---------------+-------------------------------+-----
Axes           | 2 3 4 5 6 8 9 |  9.1
Dodging        | 1 2 |  2.5
Fighting       | 4 5 6 7 8 |  8.3
Armour         | 3 4 5 7 8 9 |  9.9
Stealth        | 1 |  1.8
Evocations     | 1 |  1.3
Throwing       | 1 |  1.1
Invocations    | |  2.8

Action                   |  1- 3 |  4- 6 |  7- 9 | 10-12 || total
-------------------------+-------+-------+-------+-------++-------
Melee: Hand axe          |   115 |   105 |   329 |   197 ||   746
       Punch             |     2 |     1 |     3 |     9 ||    15
       Kick              |       |       |    65 |       ||    65
Throw: Dart              |       |     3 |     6 |     6 ||    15
Invok: Depart the Abyss  |     1 |       |       |       ||     1
       Bend Space        |       |     2 |     3 |     1 ||     6
Evoke: Wand              |       |     2 |    12 |     1 ||    15
  Use: Scroll            |     7 |       |     8 |     6 ||    21
       Potion            |     1 |     4 |     5 |       ||    10
Armor: Leather armour    |    18 |       |       |       ||    18
       Chain mail        |    63 |   101 |   288 |   155 ||   607
Dodge: Dodged            |    62 |    35 |   163 |    96 ||   356

Table legend: (Time is in decaauts)
 A = Elapsed time spent in this place.
 B = Non-inter-level travel time spent in this place.
 C = Inter-level travel time spent in this place.
 D = Time resting spent in this place.
 E = Time spent auto-exploring this place.
 F = Levels seen in this place.
 G = Mean time per level.
                   A        B        C        D        E       F      G
               +--------+--------+--------+--------+--------+-----+--------+
         Total |  10629 |  10350 |    279 |   1793 |   6687 |  11 |  966.3 |
       Dungeon |  10286 |  10008 |    278 |   1722 |   6541 |   9 | 1142.9 |
          Lair |    339 |    339 |      0 |     71 |    144 |   1 |  339.0 |
         Abyss |      4 |      4 |      0 |      0 |      2 |   1 |    4.0 |
               +--------+--------+--------+--------+--------+-----+--------+

Top non-repeatable levels by time:
     D:8: 1715 daAuts
     D:6: 1455 daAuts
     D:4: 1418 daAuts
     D:7: 1340 daAuts
     D:5: 1278 daAuts
     D:3: 1190 daAuts
     D:1: 1010 daAuts
     D:2: 808 daAuts
  Lair:1: 339 daAuts
     D:9: 68 daAuts
 Abyss:1: 4 daAuts
